 Dungeon Crawl Stone Soup version 0.28-a0-823-gb444dcf96d (webtiles) character file.

Game seed: 6158991481809056289

42191 spiderkeys the Prestidigitator (level 14, -3/129 HPs)
             Began as a Tengu Abyssal Knight on Nov 10, 2021.
             Was a High Priest of Lugonu.
             Succumbed to a redback's poison
             ... in a Gauntlet.
             The game lasted 00:35:19 (12082 turns).

spiderkeys the Prestidigitator (TeAK)              Turns: 12082, Time: 00:35:19

Health: -3/129     AC: 27    Str: 15    XL:     14   Next: 18%
Magic:  18/25      EV:  2    Int: 13    God:    Lugonu [*****.]
Gold:   1595       SH:  0    Dex: 19    Spells: 21/27 levels left

rFire   x . .      SeeInvis .   a - +1 trident (venom)
rCold   . . .      Faith    .   (no shield)
rNeg    . . .      Spirit   .   (armour currently unavailable)
rPois   +          Reflect  .   (helmet currently unavailable)
rElec   .          Harm     .   (cloak currently unavailable)
rCorr   +          Rampage  .   (gloves currently unavailable)
Will    +....      NoTele   +   (boots unavailable)
Stlth   +++.......              (no amulet)
HPRegen 0.31/turn               f - ring of Coniu {rF- rCorr Dex-3 Slay+6 Stlth+}
MPRegen 0.19/turn               D - +6 ring of dexterity

@: lethally poisoned (-3 -> -35), tree-form
A: stationary, stasis, torment immunity, boosted hp, (beak), (talons 3), nimble
flight
a: Renounce Religion, Depart the Abyss, Bend Space, Banish, Corrupt, Enter the
Abyss


You were in a Gauntlet.
You worshipped Lugonu.
Lugonu was extremely pleased with you.
You were a tree.
You visited 1 branch of the dungeon, and saw 12 of its levels.
You visited the Abyss 1 time.
You also visited: Sewer, Bailey and Gauntlet.

You collected 1595 gold pieces.


Innate Abilities, Weirdness & Mutations

You are a tree.
Your roots penetrate the ground, keeping you stationary.
You cannot be teleported.
You are immune to unholy pain and torment.
Your maximum health is greatly increased.
Your equipment is partially melded.
((You have a beak for a mouth.))
((You have claws for feet.))
Your magical nature lets you fly swiftly and evasively.


   Skills:
 + Level 9.2 Fighting
 + Level 9.7 Polearms
 - Level 9.1 Throwing
 - Level 2.1 Armour
 + Level 9.4 Dodging
 - Level 7.2 Spellcasting
 + Level 5.9 Necromancy
 + Level 8.0 Invocations
 - Level 10.8 Evocations


You had 21 spell levels left.
You knew the following spells:

 Your Spells              Type           Power      Damage    Failure   Level
c - Corpse Rot            Necr/Air       24%        N/A       7%          2
n - Dispel Undead         Necr           20%        3d11      13%         4

Your spell library contained the following spells:

 Spells                   Type           Power      Damage    Failure   Level
 Pain                     Necr           80%        1d8       1%          1
 Slow                     Hex            16%        N/A       16%         1
 Ensorcelled Hibernation  Hex/Ice        8%         N/A       22%         2
 Agony                    Necr           20%        N/A       34%         5
 Excruciating Wounds      Necr           10%        N/A       34%         5
 Call Canine Familiar     Summ           4%         N/A       41%         3
 Portal Projectile        Hex/Tloc       8%         N/A       41%         3
 Spider Form              Tmut/Pois      4%         N/A       41%         3
 Tukima's Dance           Hex            4%         N/A       41%         3
 Iskenderun's Mystic Bla  Conj/Tloc      4%         2d3       83%         4
 Leda's Liquefaction      Hex/Erth       2%         N/A       83%         4
 Passage of Golubria      Tloc           4%         N/A       83%         4
 Death Channel            Necr           10%        N/A       89%         6
 Yara's Violent Unravell  Hex/Tmut       2%         3d3       99%         5

Inventory:

Hand Weapons
 a - a +1 trident of venom (weapon)
   (You found it on level 8 of the Dungeon)
 b - a +1 hunting sling
   (You found it on level 1 of the Dungeon)
 G - the +4 quarterstaff of the Ancient Ships {vorpal, rF++}
   (You found it on level 4 of the Dungeon)

   It inflicts extra damage upon your enemies.
   rF:        It greatly protects you from fire.
Missiles
 h - 3 datura-tipped darts
 l - 60 poisoned darts
 t - 62 sling bullets
 u - 13 javelins
 A - 2 throwing nets {=f!f}
 I - a boomerang of dispersal {=f!f}
 L - a curare-tipped dart {=f}
 M - 56 boomerangs (quivered)
 V - 4 atropa-tipped darts
Armour
 i - a +2 pair of gloves (melded)
   (You found it on level 2 of the Abyss)
 K - the +0 cloak of a Thousand Youths (melded) {Drain rN+ Will+}
   (You found it on level 9 of the Dungeon)

   rN:        It protects you from negative energy.
   Drain:     It drains your maximum health when unequipped.
   Will:      It increases your willpower.
 O - a +2 hat (melded)
   (You found it on level 11 of the Dungeon)
 Y - a +1 pair of gloves of dexterity
   (You found it in a Gauntlet)
 Z - a +0 troll leather armour (melded)
   (You found it on level 11 of the Dungeon)
Magical Staves
 P - a staff of air {!a}
   (You found it on level 11 of the Dungeon)
Jewellery
 f - the ring of Coniu (left branch) {rF- rCorr Dex-3 Slay+6 Stlth+}
   (You found it on level 2 of the Abyss)

   [ring of resist corrosion]

   Dex:       It affects your dexterity (-3).
   Slay:      It affects your accuracy & damage with ranged weapons and melee
   (+6).
   rF:        It makes you vulnerable to fire.
   rCorr:     It protects you from acid and corrosion.
   Stlth:     It makes you more stealthy.
 C - a ring of protection from cold
   (You found it on level 8 of the Dungeon)
 D - a +6 ring of dexterity (right branch)
   (You found it on level 1 of the Dungeon)
 S - a +6 ring of strength
   (You found it on level 7 of the Dungeon)
Wands
 c - a wand of iceblast (13)
   (You found it on level 2 of the Abyss)
 d - a wand of paralysis (4)
   (You found it on level 11 of the Dungeon)
 n - a wand of charming (6)
   (You found it on level 11 of the Dungeon)
 J - a wand of acid (1)
   (You took it off Pikel on level 5 of the Dungeon)
 U - a wand of flame (14)
   (You found it on level 7 of the Dungeon)
 W - a wand of digging (10)
   (You found it on level 8 of the Dungeon)
Scrolls
 j - a scroll of magic mapping {!r}
 k - 2 scrolls of identify {@r1}
 p - 3 scrolls of fear
 r - 7 scrolls of teleportation {@r4}
 y - 2 scrolls of fog
 B - 6 scrolls of blinking {!r}
 H - a scroll of vulnerability {!r!r}
Potions
 m - 4 potions of flight {unknown}
 q - 3 potions of resistance
 s - 2 potions of attraction {!q}
 w - 2 potions of cancellation {unknown}
 x - 5 potions of mutation {!q}
 z - 3 potions of haste {unknown}
 E - a potion of might {unknown}
 N - 3 potions of brilliance {unknown}
 Q - a potion of invisibility {unknown}
 X - a potion of magic {unknown}
Miscellaneous
 g - a phial of floods
   (You found it on level 11 of the Dungeon)
 F - a box of beasts
   (You found it on level 11 of the Dungeon)
 R - a lightning rod (4/4)
   (You found it on level 10 of the Dungeon)
 T - a phantom mirror
   (You found it in a bailey)

Dungeon Overview and Level Annotations

Branches:
Dungeon (12/15)            Temple (0/1) D:6            Lair (0/6) D:8
    Orc (0/2) D:12          Sewer (visited)          Bailey (visited)
Gauntlet (1/1)

Altars:
Qazlal
Sif Muna
Uskayaw
Wu Jian
Zin

Shops:
D:6 (   D:8 ?

Annotations:
Gauntlet 9 transporters, exclusion: oklob plant

##≈###..#X#x....#.≈##
#≈≈≈#...#########.≈≈#
#...#...#8..©#....≈##
#...#.8.#©...#.8..##
#.8.#.⌠.#8..©#....≈##
#.©.#.8.#########.≈≈#
#.8.#...#."#©#$.#.≈##
#.©.#...#.#.#.#.#.##
#.8.#.8.#.#.#.#♣#.≈##
..©.#.∩.#^.#©#ys#.≈≈#
#.8.#.8.#.#.#.#.#.≈##
#.©.#...#.#.#.#.#.##
#.8.#...#..#.#..#.≈##
#.©.#.8.#########.≈≈#
#.8.#.⌠.#8..©#....≈##
#...#.8.#©...#.8..##
#...#...#8..©#....≈##


You could see a moth of wrath (corroded) and a redback (berserk).


Message History

😨 HP[+1] 😨 HP[+1]
You hit the redback. You claw the redback. You peck the redback!
The redback closely misses you. 😨 HP[+1]
You hit the redback.
The redback is poisoned.
You claw the redback. The redback misses you. 😨 HP[+1]
You puncture the redback!
You kill the redback!
Lugonu accepts your kill.
The moth of wrath goads the redback on!
The redback goes berserk! 😨 HP[+1] MP[+1]
You feel much better.
The redback bites you but does no damage. 😮 HP[+26]
You regained 26 hp, and now have 59/86 hp.
Space bends sharply around you!
You blink. 😮 HP[-1] MP[-1]
You take 1 damage, and now have 58/86 hp.
You lost 1 mp, and now have 21/25 mp.
You hit the redback. The redback misses you. x2 😮 HP[+1]
Aiming: Corrosive Bolt
Press: ? - help, Shift-Dir - straight line, f - moth of wrath
Aim: a moth of wrath (76% to hit)
The bolt of acid misses the redback.
The bolt of acid hits the moth of wrath!
The acid corrodes the moth of wrath!
The redback misses you. The redback barely misses you. 😮 HP[+1]
You puncture the redback! Your kick misses the redback.
Your peck misses the redback. The redback misses you. The redback bites you!!
* * * LOW HITPOINT WARNING * * *
😨 HP[-18]
You take 18 damage, and now have 42/86 hp.
MASSIVE DAMAGE!! (PAUSE)
You closely miss the redback. You claw the redback.
The redback completely misses you. The redback bites you!
* * * LOW HITPOINT WARNING * * *
😨 HP[-16] MP[+1]
You take 16 damage, and now have 26/86 hp.
Unknown command.
Space bends around you!
You blink. 😨 HP[-1] MP[-1]
You take 1 damage, and now have 25/86 hp.
You lost 1 mp, and now have 21/25 mp.
You feel much better. The redback bites you!
* * * LOW HITPOINT WARNING * * *
You are poisoned.
The redback poisons you!
The redback bites you but does no damage.
The redback bites you!
* * * LOW HITPOINT WARNING * * *
You are more poisoned.
The redback poisons you!
You feel better. The redback bites you!
* * * LOW HITPOINT WARNING * * *
The redback bites you but does no damage.
The moth of wrath bites you!
* * * LOW HITPOINT WARNING * * *
😱 HP[-16]
You take 16 damage, and now have 9/86 hp.
Unknown command.
Press: ? - help, Shift-Dir - straight line, f - redback, p - moth of wrath
Aim: a redback (moderately wounded, berserk, chance to affect: 85%)
The redback barely resists.
The redback bites you.
* * * LOW HITPOINT WARNING * * *
You are lethally poisoned!
The redback poisons you! The redback closely misses you.
The moth of wrath bites you but does no damage. 😱 HP[-2] MP[-4]
You take 2 damage, and now have 7/86 hp.
You lost 4 mp, and now have 17/25 mp.
You feel much better.
* * * LOW HITPOINT WARNING * * *
You feel extremely sick. The redback completely misses you.
The redback bites you!
* * * LOW HITPOINT WARNING * * *
The moth of wrath angrily waves its antennae.
The moth of wrath bites you!
* * * LOW HITPOINT WARNING * * *
The redback closely misses you. 😱 HP[-5]
You take 5 damage, and now have 2/86 hp.
Okay, then.
Okay, then.
Okay, then.
Really quaff
e - a potion of lignification {!q}?
Really quaff the potion of lignification?
You turn into a tree.
The +0 cloak of a Thousand Youths {Drain rN+ Will+} melds into your body.
Your +2 hat melds into your body.
Your +2 pair of gloves melds into your body.
Your +0 troll leather armour melds into your body.
Your roots penetrate the ground.
You die...

Skill      XL: |  1  2  3  4  5  6  7  8  9 10 11 12 13 14 |
---------------+-------------------------------------------+-----
Evocations     | 1 2 3 10 | 10.8
Invocations    | 2 3 5 6 7 8 |  8.0
Dodging        | 2 3 4 5 7 9 |  9.4
Polearms       | 3 4 6 7 9 |  9.7
Fighting       | 4 5 6 7 8 9 |  9.2
Throwing       | 2 9 |  9.1
Spellcasting   | 7 |  7.2
Necromancy     | 5 |  5.9
Armour         | |  2.1

Action                   |  1- 3 |  4- 6 |  7- 9 | 10-12 | 13-15 || total
-------------------------+-------+-------+-------+-------+-------++-------
Melee: Spear             |       |    16 |    36 |       |   231 ||   283
       Kick              |       |     3 |    39 |     2 |   190 ||   234
       Peck              |       |     3 |    32 |       |   115 ||   150
       Quarterstaff      |       |       |   116 |     8 |    54 ||   178
       Trident           |       |       |       |       |   194 ||   194
 Fire: Hunting sling     |    70 |    63 |     4 |       |       ||   137
Throw: Boomerang         |       |       |     8 |       |    79 ||    87
       Dart              |       |       |       |       |     5 ||     5
 Cast: Corpse Rot        |       |       |       |     2 |     2 ||     4
Invok: Depart the Abyss  |     1 |       |       |       |       ||     1
       Banish            |       |       |     3 |       |     2 ||     5
       Bend Space        |       |       |       |       |     5 ||     5
Evoke: Wand              |     1 |     4 |     1 |     3 |    11 ||    20
  Use: Scroll            |     1 |    10 |     2 |       |    11 ||    24
       Potion            |       |     1 |     2 |     2 |     9 ||    14
 Stab: Sleeping          |       |     3 |     5 |       |     4 ||    12
       Distracted        |       |       |       |       |     3 ||     3
Armor: Leather armour    |     1 |     4 |    30 |     3 |    28 ||    66
       Troll leather arm |       |       |       |       |    39 ||    39
Dodge: Dodged            |     7 |    14 |   115 |     7 |   298 ||   441

Levels and vault maps discovered:
D:1:      elethiomel_arrival_quiet, layout_rooms
D:2:      layout_loops_ring, basic_altar, guppyfry_early_lair_pool
D:3:      layout_basic, portal_sewer_entry_e, shapermc_ecumenical_altar_pompeii,
          minmay_gold_behind_fungi, uniq_terence
D:4:      layout_basic
D:5:      layout_basic, uniq_blork_the_orc, uniq_edmund, uniq_pikel
D:6:      layout_rooms, minmay_temple_entry_trees, serial_shops,
          nicolae_diamond_shop, gammafunk_ghost_necromancy
D:7:      layout_rooms, enter_bailey_3, grunt_decor_arrowhead,
          amcnicky_mini_corridor_feature, kennysheep_generic_room_13
D:8:      layout_gridville, minmay_lair_entry_grove, serial_shops,
          kennysheep_little_box
D:9:      layout_cave_pods, uniq_erolcha
D:10:     layout_cross, zin_angel
D:11:     minmay_the_grid_octo_tiled_octocenter [minmay_the_grid_octo_toaster,
          minmay_the_grid_octo_odd_swirl, minmay_the_grid_octo_shrine,
          minmay_the_grid_octo_checkered,
          minmay_the_grid_octo_prize_single_spiral,
          minmay_the_grid_square_5x5_bracketed,
          minmay_the_grid_square_5x5_inner_i,
          minmay_the_grid_square_5x5_inverted_slash,
          minmay_the_grid_square_5x5_minimal], layout_basic, minmay_between
D:12:     dragon1_lemuel, layout_basic, orc_0_dummy, gauntlet_entry_generic,
          serial_aquarium, aquarium_bridge_island_small
          [aquarium_subvault_small_open, aquarium_subvault_wall,
          aquarium_subvault_bridge, aquarium_subvault_bridge,
          aquarium_subvault_bridge], aquarium_bridge_straight
          [aquarium_subvault_bridge, aquarium_subvault_wall,
          aquarium_subvault_bridge, aquarium_subvault_wall],
          aquarium_window_corner, aquarium_window_fake, aquarium_window_fake,
          aquarium_view_2c, aquarium_balcony_1b, minmay_misc_feat_four_crosses,
          minmay_misc_feat_five
Gauntlet: gammafunk_gauntlet_77_escape_option [minmay_gauntlet_arena_77_fan,
          minmay_gauntlet_arena_77_terracotta_army,
          minmay_gauntlet_arena_77_braids, minmay_gauntlet_arena_77_squiggly,
          minmay_gauntlet_arena_77_box, dreamdust_gauntlet_exit_labyrinth]

Notes
Turn   | Place    | Note
-------+----------+-------------------------------------------
     0 | Abyss:1  | spiderkeys the Tengu Abyssal Knight began the quest for the
                  | Orb.
     0 | Abyss:1  | Reached XP level 1. HP: 14/14 MP: 3/3
     0 | Abyss:1  | magus.rc [v1.9.10]
    37 | Abyss:2  | Identified the ring of Coniu {rF- rCorr Dex-3 Slay+6
                  | Stlth+}
    53 | Abyss:2  | Found a corrupted altar of Lugonu.
    57 | Abyss:2  | Noticed a large abomination
    76 | Abyss:2  | Noticed a thrashing horror
    78 | D:1      | You pass through the gate.
    78 | D:1      | Escaped the Abyss
   183 | D:1      | Reached XP level 2. HP: 19/19 MP: 4/4
   457 | D:1      | Reached * piety under Lugonu
   705 | D:2      | Reached XP level 3. HP: 23/23 MP: 5/5
   733 | D:2      | Reached skill level 1 in Evocations
   751 | D:2      | Reached skill level 2 in Invocations
  1022 | D:2      | Found a stormy altar of Qazlal.
  1319 | D:3      | Found a glowing drain.
  1324 | Sewer    | Entered a sewer
  1352 | Sewer    | Reached skill level 2 in Dodging
  1413 | Sewer    | Reached XP level 4. HP: 28/28 MP: 6/6
  1633 | Sewer    | Reached skill level 3 in Polearms
  1634 | Sewer    | Reached ** piety under Lugonu
  1752 | Sewer    | Noticed a bullfrog
  1752 | Sewer    | Noticed a bullfrog
  1753 | Sewer    | Gained mutation: Your magical nature lets you fly swiftly
                  | and evasively. [Tengu growth]
  1753 | Sewer    | Reached XP level 5. HP: 33/33 MP: 7/7
  1757 | Sewer    | Reached skill level 2 in Evocations
  1761 | Sewer    | Reached skill level 4 in Fighting
  1761 | Sewer    | Reached skill level 3 in Dodging
  1761 | Sewer    | Reached XP level 6. HP: 18/38 MP: 7/9
  2538 | D:3      | Noticed Terence
  2543 | D:3      | Killed Terence
  2544 | D:3      | Reached skill level 3 in Invocations
  2733 | D:3      | Found a faded altar of an unknown god.
  2849 | D:4      | Noticed a black bear
  2854 | D:4      | Killed a black bear
  2886 | D:4      | Reached skill level 4 in Polearms
  2886 | D:4      | Reached XP level 7. HP: 44/44 MP: 10/10
  2902 | D:4      | Reached skill level 3 in Evocations
  2982 | D:4      | Identified the +4 quarterstaff of the Ancient Ships
                  | {vorpal, rF++}
  3014 | D:4      | Reached *** piety under Lugonu
  3302 | D:4      | Noticed a hornet
  3307 | D:4      | HP: 8/44 [hornet (13)]
  3308 | D:4      | Killed a hornet
  3309 | D:4      | Reached skill level 5 in Fighting
  3309 | D:4      | Reached skill level 4 in Dodging
  3684 | D:4      | Reached XP level 8. HP: 49/49 MP: 11/11
  3812 | D:5      | Entered Level 5 of the Dungeon
  3875 | D:5      | Noticed Blork the orc
  3892 | D:4      | Killed Blork the orc
  3893 | D:4      | Reached skill level 5 in Polearms
  3893 | D:4      | Reached skill level 4 in Invocations
  4008 | D:5      | Noticed Pikel
  4066 | D:5      | Killed Pikel
  4067 | D:5      | Reached skill level 5 in Dodging
  4124 | D:5      | Noticed Edmund
  4139 | D:5      | Killed Edmund
  4577 | D:5      | Reached skill level 6 in Fighting
  4723 | D:6      | Found a staircase to the Ecumenical Temple.
  4731 | D:6      | Reached skill level 6 in Polearms
  4763 | D:6      | Reached skill level 5 in Invocations
  4763 | D:6      | Reached XP level 9. HP: 55/55 MP: 13/13
  4805 | D:6      | Found Lucuir's Weapon Emporium.
  4984 | D:6      | Found a runed translucent gate.
  4984 | D:6      | Found a runed translucent gate.
  4984 | D:6      | Found a runed translucent gate.
  4984 | D:6      | Noticed Bediveer's ghost (amateur FeTm)
  5028 | D:6      | Killed Bediveer's ghost
  5029 | D:6      | Reached skill level 6 in Dodging
  5112 | D:7      | Found a flagged portal.
  5121 | Bailey   | Entered a bailey
  5172 | Bailey   | Noticed an orc warlord
  5178 | Bailey   | Reached **** piety under Lugonu
  5371 | Bailey   | Found a runed translucent gate.
  5374 | Bailey   | Found a runed translucent gate.
  5376 | Bailey   | Found a runed translucent gate.
  5540 | Bailey   | Reached skill level 1 in Throwing
  5718 | Bailey   | Banished an orc warlord
  5719 | Bailey   | Reached skill level 7 in Fighting
  5719 | Bailey   | Reached skill level 7 in Polearms
  5719 | Bailey   | Reached skill level 2 in Throwing
  5719 | Bailey   | Reached skill level 7 in Dodging
  5719 | Bailey   | Reached skill level 6 in Invocations
  6031 | Bailey   | You pick up a book of Decay and begin reading...
  6031 | Bailey   | You add the spells Corpse Rot, Dispel Undead and Death
                  | Channel to your library.
  6042 | Bailey   | Acquired 970 gold pieces
  6049 | Bailey   | Reached skill level 10 in Evocations
  6049 | Bailey   | Reached XP level 10. HP: 63/63 MP: 15/15
  6050 | Bailey   | Reached skill level 9 in Throwing
  6050 | Bailey   | Reached XP level 11. HP: 67/67 MP: 16/16
  6051 | Bailey   | Reached skill level 7 in Spellcasting
  6051 | Bailey   | Reached XP level 12. HP: 72/72 MP: 16/23
  6055 | Bailey   | Learned a level 2 spell: Corpse Rot
  6109 | D:7      | Reached XP level 13. HP: 44/76 MP: 22/24
  6132 | D:7      | HP: 19/76 [orc priest/divine providence (9)]
  6443 | D:7      | You pick up a book of Pain and begin reading...
  6443 | D:7      | You add the spells Pain, Agony and Excruciating Wounds to
                  | your library.
  6547 | D:7      | You pick up a book of Dreams and begin reading...
  6547 | D:7      | You add the spells Ensorcelled Hibernation and Spider Form
                  | to your library.
  6593 | D:7      | Reached skill level 1 in Necromancy
  7644 | D:8      | Reached skill level 2 in Necromancy
  7904 | D:8      | Found Ditzoz's Magic Scroll Emporium.
  7986 | D:8      | Found a staircase to the Lair.
  8007 | D:8      | Reached skill level 8 in Polearms
  8377 | D:9      | Noticed Erolcha
  8386 | D:9      | Killed Erolcha
  8387 | D:9      | Reached skill level 3 in Necromancy
  8969 | D:9      | Reached skill level 8 in Dodging
  9070 | D:9      | Reached skill level 8 in Fighting
  9327 | D:9      | Identified the +0 cloak of a Thousand Youths {Drain rN+
                  | Will+}
  9492 | D:9      | You add the spells Tukima's Dance, Passage of Golubria and
                  | Yara's Violent Unravelling to your library.
  9565 | D:9      | Learned a level 4 spell: Dispel Undead
  9939 | D:10     | Entered Level 10 of the Dungeon
  9950 | D:10     | Reached skill level 7 in Invocations
 10096 | D:10     | Reached skill level 4 in Necromancy
 10262 | D:10     | Found a glowing silver altar of Zin.
 10262 | D:10     | Noticed an angel
 10679 | D:11     | You pick up a book of the Hunter and begin reading...
 10679 | D:11     | You add the spells Call Canine Familiar, Portal Projectile
                  | and Leda's Liquefaction to your library.
 10956 | D:11     | Reached skill level 9 in Polearms
 10974 | D:11     | Reached ***** piety under Lugonu
 11301 | D:11     | Reached skill level 5 in Necromancy
 11357 | D:11     | Found a hide-covered altar of Uskayaw.
 11358 | D:11     | Found an ornate altar of the Wu Jian Council.
 11358 | D:11     | Found a glowing silver altar of Zin.
 11358 | D:11     | Found a shimmering blue altar of Sif Muna.
 11395 | D:11     | Reached skill level 9 in Dodging
 11493 | D:11     | Reached XP level 14. HP: 84/84 MP: 25/25
 11499 | D:11     | Identified the ring of Secrets {Fire Drain rN+ Int+4 Dex+4}
 11607 | D:11     | You add the spells Slow and Iskenderun's Mystic Blast to
                  | your library.
 11607 | D:11     | Got the Compendium of Glamour and the Voyage
 11610 | D:11     | Identified the +3 broad axe "Relejudi" {freeze, *Rage
                  | +Blink rPois}
 11622 | D:11     | Reached skill level 9 in Fighting
 11641 | D:11     | Identified the +3 leather armour of Fortification {-Tele
                  | Regen+ rCorr}
 11800 | D:12     | Found a staircase to the Orcish Mines.
 11847 | D:12     | Found a gate leading to a gauntlet.
 11855 | Gauntlet | Entered a Gauntlet
 11855 | Gauntlet | Found a transporter.
 11863 | Gauntlet | Found a transporter.
 11868 | Gauntlet | Found a transporter.
 11876 | Gauntlet | Found a transporter.
 11880 | Gauntlet | Found a transporter.
 11888 | Gauntlet | Found a transporter.
 11892 | Gauntlet | Found a transporter.
 11903 | Gauntlet | Found a transporter.
 11904 | Gauntlet | Found a transporter.
 11915 | Gauntlet | Found a transporter.
 11946 | Gauntlet | Found a transporter.
 11958 | Gauntlet | Found a transporter.
 11970 | Gauntlet | Found a transporter.
 11982 | Gauntlet | Found a transporter.
 12016 | Gauntlet | Reached skill level 8 in Invocations
 12034 | Gauntlet | Identified the +2 pair of boots "Cosiod" {rPois Dex+5}
 12079 | Gauntlet | HP: 20/86 [redback (15)]
 12079 | Gauntlet | HP: 9/86 [moth of wrath (11)]
 12081 | Gauntlet | HP: 2/86 [moth of wrath (13)]
 12082 | Gauntlet | Succumbed to a redback's poison

Vanquished Creatures
  2 boulder beetles (D:11)
  Erolcha (D:9)
  A catoblepas (D:9)
  A centaur warrior (D:11)
  A hydra (D:11)
  A two-headed ogre (D:8)
  A tengu warrior (D:10)
  An orc knight (D:11)
  Pikel (D:5)
  2 manticores (D:11)
  An ugly thing (D:11)
  2 cyclopes (D:11)
  A gargoyle (D:12)
  3 unseen horrors
  An efreet (D:11)
  A komodo dragon (D:11)
  4 trolls (D:11)
  A hornet (D:4)
  4 slime creatures (D:9)
  A meliai zombie (D:11)
  A wind drake (shapeshifter) (D:11)
  3 flying skulls (Gauntlet)
  3 wyverns
  A vampire (D:11)
  16 yaks
  2 redbacks (Gauntlet)
  A shadow (D:10)
  3 wraiths
  2 basilisks
  The ghost of Bediveer the Changer, an amateur FeTm of Makhleb (D:6)
  A steam dragon (D:9)
  Edmund (D:5)
  A vampire mosquito (D:11)
  2 acid dragons
  A water moccasin (D:8)
  A hornet zombie (D:8)
  11 orc warriors
  A sky beast (D:5)
  An ice beast (D:7)
  2 black bears
  3 lemures
  3 centaurs
  2 phantoms
  4 bullfrogs
  3 kobold brigands
  Blork the orc (D:4)
  2 gnoll sergeants (D:7)
  3 scorpions
  A wyvern skeleton (D:7)
  A water moccasin skeleton (D:7)
  5 howler monkeys
  9 orc priests
  A centaur skeleton (D:4)
  2 hounds
  A jelly (D:4)
  6 centaur zombies
  2 iguanas (D:8)
  7 orc wizards
  Terence (D:3)
  A killer bee zombie (D:6)
  A centaur simulacrum (D:6)
  2 howler monkey zombies
  9 gnolls
  3 river rats (Sewer)
  8 adders
  A shadow imp (D:8)
  A white imp (D:7)
  A howler monkey simulacrum (D:6)
  2 ufetubi
  3 worms
  3 dart slugs
  23 orcs
  18 ball pythons
  8 endoplasms
  2 giant cockroaches (D:1)
  10 goblins
  10 hobgoblins
  4 quokkas
  7 bats
  5 frilled lizards
  35 kobolds
  24 rats (Sewer)
324 creatures vanquished.

Vanquished Creatures (others)
  A spectral centaur (D:6)
  3 fungi (D:3)
  12 plants (D:8)
  3 toadstools (D:3)
19 creatures vanquished.

Grand Total: 343 creatures vanquished

Table legend:
 A = Non-vault XP
 B = Vault XP
 C = Vault XP percentage of total XP
 D = Non-vault monster count
 E = Vault monster count
 F = Vault count percentage of total count
                 A         B        C        D         E       F
            +---------+---------+-------+---------+---------+-------
      Total |   14793 |   18468 |  55.5 |     186 |     138 |  42.6
            +---------+---------+-------+---------+---------+-------
        D:1 |      24 |       0 |   0.0 |      14 |       0 |   0.0
        D:2 |      32 |       0 |   0.0 |      14 |       0 |   0.0
        D:3 |      25 |      32 |  56.1 |      14 |       1 |   6.7
        D:4 |     780 |      90 |  10.3 |      21 |       1 |   4.5
        D:5 |     167 |     728 |  81.3 |       4 |       2 |  33.3
        D:6 |     138 |     303 |  68.7 |       3 |       5 |  62.5
        D:7 |    1492 |       9 |   0.6 |      33 |       5 |  13.2
        D:8 |    2414 |    1943 |  44.6 |      32 |      12 |  27.3
        D:9 |    2836 |     878 |  23.6 |      23 |       1 |   4.2
       D:10 |    3572 |       0 |   0.0 |      11 |       0 |   0.0
       D:11 |    2684 |   10444 |  79.6 |      15 |      29 |  65.9
       D:12 |     629 |       0 |   0.0 |       2 |       0 |   0.0
      Sewer |       0 |     346 | 100.0 |       0 |      48 | 100.0
     Bailey |       0 |    1810 | 100.0 |       0 |      27 | 100.0
   Gauntlet |       0 |    1885 | 100.0 |       0 |       7 | 100.0
            +---------+---------+-------+---------+---------+-------

Illustrated notes

Table legend:
 A = Kills in this place as a percentage of kills in entire the game.
 B = Kills by you in this place as a percentage of kills by you in the entire game.
 C = Kills by friends in this place as a percentage of kills by friends in the entire game.
 D = Other kills in this place as a percentage of other kills in the entire game.
 E = Experience gained in this place as a percentage of experience gained in the entire game.
 F = Experience gained in this place divided by the number of levels of this place that you have seen.
                   A       B       C       D       E      F
               +-------+-------+-------+-------+-------+----------------------
         Total | 100.0 | 100.0 |   N/A | 100.0 | 100.0 | 1956.5
       Dungeon |  74.7 |  75.1 |   N/A |  33.3 |  87.9 | 2435.0
         Sewer |  14.8 |  15.0 |   N/A |   0.0 |   1.0 | 346.0
        Bailey |   8.3 |   8.1 |   N/A |  33.3 |   5.4 | 1810.0
      Gauntlet |   2.2 |   1.9 |   N/A |  33.3 |   5.7 | 1885.0
               +-------+-------+-------+-------+-------+----------------------

Table legend: (Time is in decaauts)
 A = Elapsed time spent in this place.
 B = Non-inter-level travel time spent in this place.
 C = Inter-level travel time spent in this place.
 D = Time resting spent in this place.
 E = Time spent auto-exploring this place.
 F = Levels seen in this place.
 G = Mean time per level.
                   A        B        C        D        E       F      G
               +--------+--------+--------+--------+--------+-----+--------+
         Total |  11497 |  11235 |    262 |   2048 |   6932 |  17 |  676.3 |
       Dungeon |   9460 |   9198 |    262 |   1710 |   5778 |  12 |  788.3 |
         Abyss |     77 |     77 |      0 |      0 |      1 |   2 |   38.5 |
         Sewer |    807 |    807 |      0 |    100 |    504 |   1 |  807.0 |
        Bailey |    948 |    948 |      0 |    237 |    515 |   1 |  948.0 |
      Gauntlet |    204 |    204 |      0 |      0 |    134 |   1 |  204.0 |
               +--------+--------+--------+--------+--------+-----+--------+

Top non-repeatable levels by time:
     D:9: 1299 daAuts
     D:7: 1221 daAuts
    D:11: 1200 daAuts
     D:8: 1156 daAuts
     D:4: 1128 daAuts
  Bailey: 948 daAuts
   Sewer: 807 daAuts
     D:3: 684 daAuts
     D:2: 669 daAuts
     D:5: 655 daAuts
     D:1: 550 daAuts
    D:10: 485 daAuts
     D:6: 349 daAuts
Gauntlet: 204 daAuts
 Abyss:2: 65 daAuts
